[ AOE2 MATCH · #493693711 ]
UnrankedWei vs Cumans
Player's team · LOSS
Rival team · WIN
[ REPLAY ANALYSIS · EXTRACTED FROM THE RECORDED GAME ]
Feudal
9:16
Castle
—
Imperial
—
| APM avg | 48.7 |
| APM peak | 73 |
| eAPM avg | 21.1 |
| Villagers / military | 32 / 12 |
Focus
⚔️ 37.1% · 🌾 62.9%
Skirmisher ×8 · Archer ×4
Feudal
8:29
Castle
—
Imperial
—
| APM avg | 66.2 |
| APM peak | 100 |
| eAPM avg | 21.0 |
| Villagers / military | 24 / 19 |
Focus
⚔️ 53.0% · 🌾 47.0%
Archer ×19
Match map
Initial resources + every placement click. Lines = walls · curves = elevation contours. ◆ gold · ⬟ stone · ● berries · ✦ relic · ◌ wall gap
Your base· Open — unwalled flank
Xena's base· Open — unwalled flank
Smoothed initial terrain · ◌ = detected wall gap · hover for details
Inputs per minute
— Rentar9 - - Xena
Build order — Rentar9
72 actions detected in the replay
| 0:00 | Queue | Villager (Male) |
| 0:01 | Queue | Villager (Male) |
| 0:02 | Build | House |
| 0:03 | Build | House |
| 0:15 | Queue | Villager (Male) |
| 0:20 | Queue | Villager (Male) |
| 1:32 | Queue | Villager (Male) |
| 1:33 | Queue | Villager (Male) |
| 1:59 | Queue | Villager (Male) |
| 2:00 | Queue | Villager (Male) |
| 2:14 | Queue | Villager (Male) |
| 2:14 | Queue | Villager (Male) |
| 2:20 | Build | Lumber Camp |
| 2:43 | Queue | Villager (Male) |
| 2:43 | Queue | Villager (Male) |
| 2:58 | Queue | Villager (Male) |
| 2:58 | Queue | Villager (Male) |
| 3:31 | Queue | Villager (Male) |
| 3:31 | Queue | Villager (Male) |
| 3:50 | Build | House |
| 4:06 | Queue | Villager (Male) |
| 4:07 | Queue | Villager (Male) |
| 4:35 | Queue | Villager (Male) |
| 4:47 | Queue | Villager (Male) |
| 4:51 | Queue | Villager (Male) |
| 5:23 | Build | Mill |
| 5:57 | Queue | Villager (Male) |
| 5:57 | Research | Loom |
| 6:56 | Research | Feudal Age |
| 7:30 | Build | Lumber Camp |
| 7:37 | Build | House |
| 8:27 | Build | Barracks |
| 8:43 | Queue | Villager (Male) |
| 8:54 | Queue | Villager (Male) |
| 9:16 | Age | Feudal Age |
| 9:26 | Build | Archery Range |
| 9:28 | Queue | Villager (Male) |
| 9:35 | Build | Mining Camp |
| 9:51 | Build | Palisade Wall |
| 9:53 | Build | Palisade Wall |
| 9:57 | Queue | Villager (Male) |
| 10:10 | Queue | Skirmisher |
| 10:17 | Build | Palisade Wall |
| 10:18 | Build | Palisade Wall |
| 10:24 | Queue | Archer |
| 10:27 | Queue | Villager (Male) |
| 10:32 | Research | Double-Bit Axe |
| 10:36 | Build | Palisade Wall |
| 10:41 | Queue | Villager (Male) |
| 11:06 | Build | House |
| 11:15 | Queue | Villager (Male) |
| 11:24 | Queue | Archer |
| 11:26 | Queue | Villager (Male) |
| 11:31 | Queue | Archer |
| 11:40 | Queue | Skirmisher |
| 12:02 | Build | Blacksmith |
| 12:14 | Queue | Skirmisher |
| 12:26 | Queue | Skirmisher |
| 12:31 | Build | Farm |
| 12:32 | Build | Farm |
| 12:33 | Build | Farm |
| 13:00 | Queue | Skirmisher |
| 13:15 | Build | Lumber Camp |
| 13:40 | Build | House |
| 13:43 | Queue | Archer |
| 13:52 | Queue | Villager (Male) |
| 14:11 | Build | House |
| 14:13 | Queue | Skirmisher |
| 14:25 | Build | Watch Tower |
| 14:27 | Queue | Skirmisher |
| 14:47 | Queue | Skirmisher |
| 14:47 | Queue | Villager (Male) |
Build order — Xena
66 actions detected in the replay
| 0:03 | Build | House |
| 0:04 | Queue | Villager (Male) |
| 0:04 | Queue | Villager (Male) |
| 0:04 | Queue | Villager (Male) |
| 0:04 | Queue | Villager (Male) |
| 0:06 | Build | House |
| 0:07 | Build | House |
| 1:36 | Queue | Villager (Male) |
| 2:04 | Queue | Villager (Male) |
| 2:22 | Queue | Villager (Male) |
| 2:50 | Queue | Villager (Male) |
| 2:55 | Queue | Villager (Male) |
| 3:30 | Build | Lumber Camp |
| 3:39 | Queue | Villager (Male) |
| 3:53 | Build | House |
| 4:06 | Queue | Villager (Male) |
| 4:16 | Queue | Villager (Male) |
| 4:32 | Queue | Villager (Male) |
| 4:32 | Queue | Villager (Male) |
| 4:33 | Research | Loom |
| 5:36 | Build | Mining Camp |
| 6:16 | Research | Feudal Age |
| 6:16 | Research | Feudal Age |
| 7:04 | Build | House |
| 7:27 | Build | Barracks |
| 7:55 | Queue | Villager (Male) |
| 8:29 | Age | Feudal Age |
| 8:29 | Queue | Villager (Male) |
| 9:07 | Queue | Villager (Male) |
| 9:16 | Build | Archery Range |
| 9:17 | Build | Archery Range |
| 9:21 | Queue | Villager (Male) |
| 9:34 | Build | House |
| 9:48 | Build | House |
| 9:59 | Queue | Villager (Male) |
| 10:10 | Queue | Archer |
| 10:11 | Queue | Archer |
| 10:16 | Build | Blacksmith |
| 10:17 | Queue | Villager (Male) |
| 10:19 | Queue | Archer |
| 10:19 | Queue | Archer |
| 11:00 | Queue | Archer |
| 11:01 | Queue | Archer |
| 11:10 | Build | House |
| 11:15 | Research | Fletching |
| 11:47 | Queue | Archer |
| 11:59 | Queue | Archer |
| 11:59 | Queue | Archer |
| 12:04 | Queue | Villager (Male) |
| 12:09 | Build | Archery Range |
| 12:28 | Queue | Villager (Male) |
| 12:29 | Queue | Archer |
| 12:39 | Queue | Archer |
| 12:39 | Queue | Archer |
| 12:47 | Build | Mill |
| 12:49 | Queue | Archer |
| 13:21 | Queue | Villager (Male) |
| 13:24 | Build | House |
| 13:25 | Build | House |
| 13:37 | Queue | Archer |
| 13:37 | Queue | Archer |
| 13:40 | Queue | Villager (Male) |
| 13:45 | Queue | Archer |
| 13:45 | Queue | Archer |
| 14:05 | Queue | Archer |
| 14:05 | Queue | Archer |
Match timeline
| 7:27 | Xena · first_building Barracks |
| 8:27 | Rentar9 · first_building Barracks |
| 8:29 | Xena · age_up feudal |
| 9:16 | Rentar9 · age_up feudal |
| 9:16 | Xena · first_building Archery Range |
| 9:26 | Rentar9 · first_building Archery Range |
| 9:51 | Rentar9 · wall_segment Palisade Wall x3 |
| 9:53 | Rentar9 · wall_segment Palisade Wall x5 |
| 10:17 | Rentar9 · wall_segment Palisade Wall x1 |
| 10:18 | Rentar9 · wall_segment Palisade Wall x1 |
| 10:36 | Rentar9 · wall_segment Palisade Wall x7 |
| 14:57 | Rentar9 · resign |
[ AI ANALYSIS · 1 CREDIT ]
What really happened in this match?
Wolo.gg analyzes every decision: build order, eco, micro, common mistakes by bracket. Personalized analysis on WhatsApp or Discord in 30 seconds.
Civ guide
Wei
Perfil
Jugador #315941